 Dungeon Crawl Stone Soup version 0.29.1-1-gd02db6906a (webtiles) character file.

Game seed: 10718626119553562438

2419 LabCoat the Cleaver (level 9, -10/79 HPs)
             Began as a Hill Orc Fighter on Oct 3, 2022.
             Mangled by Duvessa
             ... wielding a +2 rapier of freezing
              (20 damage)
             ... on level 6 of the Dungeon.
             The game lasted 00:18:46 (5646 turns).

LabCoat the Cleaver (Hill Orc Fighter)              Turns: 5646, Time: 00:18:46

Health: -10/79     AC: 14    Str: 23    XL:     9   Next: 48%
Magic:  9/9        EV:  7    Int:  8    God:
Gold:   315        SH:  7    Dex: 10    Spells: 8/8 levels left

rFire   . . .      SeeInvis .   a - +1 war axe (flame)
rCold   . . .      Faith    .   g - +3 buckler
rNeg    . . .      Spirit   .   A - +0 chain mail
rPois   .          Reflect  .   i - +0 helmet
rElec   .          Harm     .   n - +0 cloak
rCorr   .          Rampage  .   t - +0 pair of gloves
Will    .....                   (no boots)
Stlth   ..........              (no amulet)
HPRegen 0.23/turn               (no ring)
MPRegen 0.11/turn               (no ring)

@: invisible
A: no striking features
a: no special abilities


You were on level 6 of the Dungeon.
You visited 1 branch of the dungeon, and saw 6 of its levels.
You also visited: Sewer.

You collected 315 gold pieces.

Inventory:

Hand Weapons
 a - a +1 war axe of flaming (weapon)
 x - the +3 woodcutter's axe {vorpal}
   (You found it in a sewer)

   It inflicts extra damage upon your enemies.
Missiles
 c - 14 poisoned darts (quivered)
Armour
 g - a +3 buckler (worn)
 i - a +0 helmet (worn)
 n - a +0 cloak (worn)
 t - a +0 pair of gloves (worn)
 A - a +0 chain mail (worn)
Wands
 f - a wand of charming (27)
 q - a wand of flame (11)
Scrolls
 b - a scroll of fear {unknown}
 m - a scroll of immolation
Potions
 e - a potion of curing
 h - a potion of degeneration {unknown}
 j - a potion of heal wounds
 o - a potion of invisibility
 p - a potion of brilliance {unknown}
 v - a potion of mutation {unknown}
 w - a potion of haste {unknown}
 z - a potion of attraction {unknown}


   Skills:
 + Level 7.3 Fighting
 * Level 9.1 Axes
 + Level 4.0 Throwing
 * Level 7.7 Armour
 - Level 3.2 Shields
 + Level 4.3 Evocations


You had 8 spell levels left.
You didn't know any spells.
Your spell library contained the following spells:

 Spells                   Type           Power      Damage    Failure   Level
 Apportation              Tloc           0%         N/A       98%         1
 Sublimation of Blood     Necr           0%         N/A       99%         2
 Stone Arrow              Conj/Erth      0%         3d7       100%        3
 Animate Armour           Summ/Erth      0%         N/A       100%        4
 Petrify                  Tmut/Erth      0%         N/A       100%        4
 Alistair's Intoxication  Tmut/Pois      0%         N/A       100%        5
 Irradiate                Conj/Tmut      0%         3d11      100%        5
 Lehudib's Crystal Spear  Conj/Erth      0%         10d2      100%        8


Dungeon Overview and Level Annotations

Branches:
Dungeon (6/15)              Sewer (visited)
 Temple: D:4-7

Altars:
Cheibriados
Kikubaaqudgha
Nemelex Xobeh
Uskayaw
Wu Jian
Xom

Annotations:
D:6 Duvessa


Message History

You hit Duvessa but do no damage.
Duvessa is moderately wounded.
You block the wight's attack.
A wight comes into view. It is wielding a +2 short sword.
You strike the helpless Duvessa from behind!
You hit Duvessa. You burn Duvessa.
Duvessa is moderately wounded.
Duvessa hits you with a +2 rapier of freezing.
Duvessa freezes you.
A wight comes into view. It is wielding a +0 battleaxe.
Duvessa barely misses you.
You hit Duvessa. You burn Duvessa.
Duvessa is heavily wounded.
Duvessa hits you with a +2 rapier of freezing.
Duvessa freezes you.
Duvessa hits you with a +2 rapier of freezing!
Duvessa freezes you.
You hit Duvessa. You burn Duvessa.
Duvessa is severely wounded.
Duvessa hits you with a +2 rapier of freezing!
Duvessa freezes you.
You barely miss Duvessa.
Duvessa is severely wounded.
You block Duvessa's attack. Duvessa hits you but does no damage.
You feel better.
Duvessa hits you with a +2 rapier of freezing.
Duvessa freezes you.
* * * LOW HITPOINT WARNING * * *
You feel much better. Duvessa hits you but does no damage.
Duvessa hits you with a +2 rapier of freezing!
Duvessa freezes you.
You hit Duvessa. You burn Duvessa.
Duvessa is severely wounded.
Duvessa hits you with a +2 rapier of freezing!
* * * LOW HITPOINT WARNING * * *
Duvessa freezes you.
* * * LOW HITPOINT WARNING * * *
Okay, then.
Duvessa hits you with a +2 rapier of freezing!!
You die...

### ############.#
.............########
############....@ezz#
#.######zz.# #.# ..(#
#.# ..)#
############.# .⌠.#
.............# ...z
.############# ##zz.
............ .(.(
...#########


You could see Duvessa (berserk, unable to see you) and 4 wights.

Vanquished Creatures
  Sigmund (D:2)
  4 yaks (D:5)
  Menkaure (D:6)
  2 ice beasts (D:6)
  A sky beast (D:6)
  A centaur (D:5)
  A phantom (D:4)
  A kobold brigand (D:5)
  A bullfrog (D:6)
  2 necrophages
  A scorpion (D:5)
  Dowan (D:6)
  4 killer bees (D:6)
  3 jellies
  A hound (D:5)
  3 iguanas
  2 orc wizards (D:5)
  4 gnolls (D:4)
  14 adders
  A river rat (Sewer)
  2 ufetubi (D:4)
  5 worms
  3 dart slugs
  9 orcs
  8 endoplasms
  7 giant cockroaches
  5 hobgoblins
  6 jackals
  7 kobolds
  6 quokkas
  10 ball pythons
  5 bats
  6 frilled lizards
  15 goblins
  7 rats
150 creatures vanquished.

Vanquished Creatures (others)
  A human (D:5)
  2 plants (D:1)
3 creatures vanquished.

Grand Total: 153 creatures vanquished

Notes
Turn   | Place    | Note
-------+----------+-------------------------------------------
     0 | D:1      | LabCoat the Hill Orc Fighter began the quest for the Orb.
     0 | D:1      | Reached XP level 1. HP: 19/19 MP: 1/1
   135 | D:1      | Reached skill level 3 in Axes
   135 | D:1      | Reached XP level 2. HP: 23/27 MP: 2/2
   215 | D:1      | Found a faded altar of an unknown god.
   525 | D:1      | Reached XP level 3. HP: 32/33 MP: 3/3
  1171 | D:2      | Noticed Sigmund
  1177 | D:2      | Killed Sigmund
  1178 | D:2      | Reached skill level 5 in Fighting
  1178 | D:2      | Reached skill level 4 in Axes
  1178 | D:2      | Reached skill level 1 in Throwing
  1178 | D:2      | Reached skill level 1 in Evocations
  1178 | D:2      | Reached XP level 4. HP: 19/42 MP: 4/4
  1178 | D:2      | Reached XP level 5. HP: 22/48 MP: 5/5
  1539 | D:2      | Reached XP level 6. HP: 56/56 MP: 6/6
  2415 | D:4      | Reached skill level 5 in Axes
  2515 | D:4      | Found an ornate altar of the Wu Jian Council.
  2741 | D:4      | Found a shimmering altar of Xom.
  2747 | D:4      | Reached XP level 7. HP: 60/61 MP: 7/7
  3299 | D:5      | Entered Level 5 of the Dungeon
  3299 | D:5      | Found a snail-covered altar of Cheibriados.
  3326 | D:5      | Found a glowing drain.
  3351 | Sewer    | Entered a sewer
  3438 | Sewer    | Reached skill level 5 in Armour
  3513 | Sewer    | Reached skill level 6 in Axes
  3592 | Sewer    | Found the +3 woodcutter's axe {vorpal}
  3593 | Sewer    | Found a viscous altar of Jiyva.
  4132 | D:5      | Found an ancient bone altar of Kikubaaqudgha.
  4136 | D:5      | Noticed a human
  4137 | D:5      | Killed a human
  4185 | D:5      | Noticed a yak
  4185 | D:5      | Noticed a yak
  4188 | D:5      | Noticed a yak
  4191 | D:5      | Killed a yak
  4192 | D:5      | Reached XP level 8. HP: 63/70 MP: 8/8
  4192 | D:5      | Noticed a yak
  4198 | D:5      | Reached skill level 7 in Axes
  4199 | D:5      | Killed a yak
  4201 | D:5      | Killed a yak
  4202 | D:5      | Killed a yak
  4417 | D:5      | Reached skill level 8 in Axes
  4712 | D:5      | Found a hide-covered altar of Uskayaw.
  4722 | D:5      | Reached XP level 9. HP: 78/78 MP: 9/9
  4747 | D:5      | Found a sparkling altar of Nemelex Xobeh.
  4990 | D:6      | Noticed Menkaure
  4994 | D:6      | Killed Menkaure
  5553 | D:6      | Reached skill level 9 in Axes
  5625 | D:6      | Noticed Dowan
  5627 | D:6      | Noticed Duvessa
  5632 | D:6      | Killed Dowan
  5646 | D:6      | Mangled by Duvessa

Illustrated notes

Levels and vault maps discovered:
D:1:      heliophobic_arrival_ceremonial_halls, layout_loops_ring,
          dreamdust_ecumenical_altar_hidden_monk_grotto
D:2:      layout_basic, uniq_sigmund
D:3:      layout_loops_ring
D:4:      layout_rooms, tgw_xom, lemuel_crystal_altar, serial_corexii_hall,
          chequers_hall_statues_corner_a, corexii_hall_statues_l,
          grunt_decor_junction, minmay_misc_feat_five, minmay_pentomino_pile
D:5:      layout_cave_pools, mainiacjoe_overflow_alcove_4, tgw_kikubaaqudgha,
          mainiacjoe_overflow_two_lobes, portal_sewer_entry_d,
          roderic_roman_lattice
D:6:      layout_basic, nicolae_elevator_lobby_asterisk, uniq_duvessa,
          uniq_menkaure, uniq_crazy_yiuf_cottage

Skill      XL: |  1  2  3  4  5  6  7  8  9 |
---------------+----------------------------+-----
Axes           | 3 4 5 6 8 9 |  9.1
Fighting       | 4 5 6 7 |  7.3
Throwing       | 1 2 3 4 |  4.0
Evocations     | 1 2 3 4 |  4.3
Armour         | 4 5 6 7 |  7.7
Shields        | |  3.2

Action                   |  1- 3 |  4- 6 |  7- 9 || total
-------------------------+-------+-------+-------++-------
Melee: War axe           |    94 |    88 |   208 ||   390
Throw: Boomerang         |       |    46 |       ||    46
       Javelin           |       |     6 |    32 ||    38
       Dart              |       |       |     1 ||     1
Evoke: Wand              |       |       |     5 ||     5
  Use: Scroll            |     4 |     3 |     8 ||    15
       Potion            |     1 |       |    10 ||    11
 Stab: Invisible         |       |       |     4 ||     4
Armor: Scale mail        |    52 |    40 |    77 ||   169
       Chain mail        |       |       |    25 ||    25
Dodge: Dodged            |    50 |    38 |    83 ||   171
Block: Buckler           |    35 |    28 |    74 ||   137
